 Dungeon Crawl Stone Soup version 0.27-a0-1123-g2f9bb313c0 (webtiles) character file.

Game seed: 12292225674129920404

30453 wakim the Grappler (level 13, -3/127 HPs)
             Began as a Troll Monk on May 3, 2021.
             Was the Champion of Qazlal.
             Slain by a starcursed mass (12 damage)
             ... on level 2 of the Abyss.
             The game lasted 00:34:29 (11801 turns).

wakim the Grappler (Troll Monk)                    Turns: 11801, Time: 00:34:29

Health: -3/127     AC: 13    Str: 26      XL:     13   Next: 20%
Magic:  17/17      EV: 18    Int:  6      God:    Qazlal [******]
Gold:   2830       SH:  8    Dex:  9 (12) Spells: 12/12 levels left

rFire    . . .     SeeInvis .     - Unarmed
rCold    . . .     Faith    .   (no shield)
rNeg     . . .     Spirit   .   k - +0 acid dragon scales
rPois    .         Reflect  .   (helmet restricted)
rElec    .         Harm     .   (no cloak)
rCorr    +         Rampage  .   (gloves unavailable)
Will     .....     Rnd*Tele +   (boots unavailable)
Stlth    +.........             f - amulet of regeneration
HPRegen  2.31/turn              h - +4 ring of evasion
MPRegen  0.15/turn              p - +4 ring of evasion

@: protected from physical damage, repel missiles
A: large, unfitting armour, claws 3, regeneration 1, shaggy fur 1, tough skin 1,
[teleportitis 1], [subdued magic 1]
a: Renounce Religion, Upheaval, Elemental Force, Disaster Area


You were on level 2 of the Abyss.
You worshipped Qazlal.
Qazlal was exalted by your worship.
You visited 2 branches of the dungeon, and saw 13 of its levels.
You visited the Abyss 1 time.
You also visited: Ossuary and Bailey.

You collected 2830 gold pieces.

Inventory:

Hand Weapons
 n - the +3 sling "Punk" {acid, rCorr}
   (You found it on level 5 of the Dungeon)

   It protects you from acid and corrosion.
Missiles
 c - 2 curare-tipped darts {=f}
 i - 63 boomerangs (quivered)
 m - 113 poisoned darts
 o - a throwing net {=f!f}
 t - 5 large rocks {=f}
Armour
 k - +0 acid dragon scales (worn)
 s - a +0 kite shield
Jewellery
 b - a ring of flight
 e - a +6 ring of strength
 f - an amulet of regeneration (around neck)
 h - a +4 ring of evasion (left claw)
 p - a +4 ring of evasion (right claw)
 q - a +4 ring of protection
 u - a +4 ring of slaying
Wands
 v - a wand of flame (36)
 x - a wand of iceblast (37)
Scrolls
 a - 3 scrolls of amnesia
 g - a scroll of brand weapon
 r - 6 scrolls of identify
 W - a scroll of holy word
 Z - a scroll of silence {!r}
Potions
 d - 2 potions of lignification {unknown}
 j - a potion of flight {unknown}
 l - a potion of brilliance {unknown}
 A - a potion of ambrosia
 B - 3 potions of attraction {!q}
 C - 2 potions of berserk rage {!q}
 E - 2 potions of cancellation
 F - 7 potions of curing
 I - 2 potions of invisibility
 J - a potion of heal wounds
 M - a potion of mutation {!q}
 N - 3 potions of might


   Skills:
 + Level 8.1 Fighting
 + Level 6.4 Throwing
 * Level 9.7 Armour
 + Level 4.4 Dodging
 - Level 1.0 Stealth
 * Level 12.9 Unarmed Combat
 * Level 7.8 Invocations


You had 12 spell levels left.
You didn't know any spells.
Your spell library contained the following spells:

 Spells                   Type           Power      Damage    Failure   Level
 Corona                   Hex            0%         N/A       47%         1
 Magic Dart               Conj           0%         1d3       47%         1
 Sandblast                Erth           0%         2d4       47%         1
 Summon Small Mammal      Summ           0%         N/A       47%         1
 Call Imp                 Summ           0%         N/A       61%         2
 Ensorcelled Hibernation  Hex/Ice        0%         N/A       61%         2
 Passwall                 Tmut/Erth      0%         N/A       61%         2
 Searing Ray              Conj           0%         3d3       61%         2
 Slow                     Hex            0%         N/A       61%         2
 Call Canine Familiar     Summ           0%         N/A       85%         3
 Confusing Touch          Hex            0%         N/A       85%         3
 Dazzling Flash           Conj/Hex       0%         N/A       85%         3
 Inner Flame              Hex/Fire       0%         N/A       85%         3
 Portal Projectile        Hex/Tloc       0%         N/A       85%         3
 Stone Arrow              Conj/Erth      0%         3d7       85%         3
 Summon Guardian Golem    Hex/Summ       0%         N/A       85%         3
 Tukima's Dance           Hex            0%         N/A       85%         3
 Cause Fear               Hex            0%         N/A       99%         4
 Fulminant Prism          Conj/Hex       0%         3d6       99%         4
 Iskenderun's Mystic Bla  Conj/Tloc      0%         2d3       99%         4
 Leda's Liquefaction      Hex/Erth       0%         N/A       99%         4
 Petrify                  Tmut/Erth      0%         N/A       99%         4
 Summon Ice Beast         Ice/Summ       0%         N/A       99%         4
 Summon Lightning Spire   Summ/Air       0%         N/A       99%         4
 Lee's Rapid Deconstruct  Erth           0%         3d5*      100%        5
 Silence                  Hex/Air        0%         N/A       100%        5
 Yara's Violent Unravell  Hex/Tmut       0%         3d3       100%        5
 Discord                  Hex            0%         N/A       100%        8


Dungeon Overview and Level Annotations

Branches:
Dungeon (13/15)            Temple (1/1) D:7            Lair (0/6) D:11
    Orc (0/2) D:10        Ossuary (visited)          Bailey (visited)
 Vaults: D:13-14

Altars:
Ashenzari
Cheibriados
Dithmenos
Elyvilon
Fedhas
Gozag
Hepliaklqana
Kikubaaqudgha
Makhleb
Nemelex Xobeh
Okawaru
Qazlal
Ru
Sif Muna
Trog
Uskayaw
Vehumet
Wu Jian
Xom
Yredelemnul
Zin
The Shining One

Annotations:
D:13 Erolcha


Innate Abilities, Weirdness & Mutations

You are too large for most types of armour.
You have claws for hands.
Your natural rate of healing is unusually fast.
You are covered in fur. (AC +1)
You have tough skin. (AC +1)
[You are occasionally teleported next to monsters.]
[Your spells are a little easier to cast, but a little less powerful.]


Message History

The ynoxinul gestures.
The starcursed mass barely misses you.
A cacophony of accursed wailing tears at your sanity!
* * * LOW HITPOINT WARNING * * *
You suddenly lose the ability to move!
The ynoxinul is engulfed in blazing flames.
A chaos spawn comes into view.
The starcursed mass touches you.
* * * LOW HITPOINT WARNING * * *
You feel more protected from physical attacks.
An ancient zyme comes into view.
You feel yourself growing ill in the presence of the ancient zyme.
The starcursed mass touches you.
* * * LOW HITPOINT WARNING * * *
The starcursed mass touches you.
* * * LOW HITPOINT WARNING * * *
You feel more protected from physical attacks.
The starcursed mass touches you but does no damage.
The ynoxinul is engulfed in blazing flames.
You kill the ynoxinul!
Qazlal accepts your kill.
The ufetubus disappears in a puff of smoke!
The starcursed mass touches you!
* * * LOW HITPOINT WARNING * * *
You feel more protected from physical attacks.
The starcursed mass is engulfed in blazing flames.
You destroy the starcursed mass!
Qazlal accepts your kill.
You can move again.
There is a gateway leading deeper into the Abyss here.
You can't go up here!
The starcursed mass misses you.
The starcursed mass is engulfed in blazing flames.
You block the starcursed mass's attack.
The starcursed mass shudders and is absorbed by its neighbour.
The ynoxinul gestures.
A cacophony of accursed wailing tears at your sanity!
* * * LOW HITPOINT WARNING * * *
The starcursed mass touches you!
You die...

#..# ##.4## .
...... ... 555.
... ## #5X#
│.##.. ...
#.##3X##..##..#..
#.5☼X°§X.......#
#55@XX5XX....#.#
# ###XX##..##....
#..##XX##..##..#
. . #..x..
......## .# #
#.......... .. #.
X. ###..##..##..#
# ## #..##..##..
..#.#
............ ..
#. . .... .....
..#.#


You could see 9 starcursed masses, an ancient zyme, 3 large abominations, a
ynoxinul, a chaos spawn and 8 ufetubi.

Vanquished Creatures
  A tentacled starspawn (Abyss:2)
  Snorg (D:11)
  Josephine (D:10)
  A rakshasa (Abyss:2)
  An ogre mage (D:13)
  Erica (D:10)
  3 two-headed ogres
  2 centaur warriors (D:13)
  3 wretched stars (Abyss:2)
  Nergalle (D:10)
  An orc knight (Bailey)
  2 deep elf zephyrmancers (D:13)
  A necromancer (D:13)
  3 ugly things
  A cyclops (D:13)
  A large abomination (Abyss:2)
  A manticore (D:13)
  Joseph (D:10)
  A smoke demon (Abyss:2)
  An unseen horror (D:10)
  A gargoyle (D:13)
  A tengu conjurer (D:13)
  A freezing wraith (Abyss:2)
  5 trolls
  A meliai (D:13)
  A slime creature (D:13)
  6 raiju (Abyss:2)
  13 yaks
  2 wyverns
  2 ynoxinuls (Abyss:2)
  6 wraiths
  A vampire (D:9)
  4 hogs (D:7)
  A human (D:7)
  A neqoxec (Abyss:2)
  6 small abominations (Abyss:2)
  2 steam dragons (D:8)
  3 acid dragons
  Edmund (D:6)
  A water moccasin (D:6)
  A swamp drake (D:10)
  8 orc warriors
  An ice beast (D:7)
  A black bear (D:6)
  3 wolves (D:11)
  2 hornet zombies
  5 ogres
  2 centaurs
  The ghost of PanSaczeczos the Magician, an amateur DEAE (D:6)
  11 kobold brigands
  A bullfrog (D:9)
  2 gnoll sergeants
  3 scorpions
  A water moccasin zombie (D:5)
  8 killer bees
  9 howler monkeys
  8 wights
  7 electric eels
  8 bullfrog zombies (Ossuary)
  7 centaur zombies
  A starcursed mass (Abyss:2)
  A quasit (Abyss:2)
  2 gnoll shamans
  7 hounds
  3 jellies
  2 orc priests
  3 iguanas
  14 mummies (Ossuary)
  6 orc wizards
  Natasha (thrice) (D:3)
  A killer bee zombie (D:6)
  2 hound skeletons (D:4)
  3 howler monkey zombies
  25 gnolls
  6 adders
  3 white imps
  3 worms
  3 dart slugs
  40 orcs
  7 ball pythons
  6 endoplasms
  3 giant cockroaches (D:1)
  15 goblins
  6 hobgoblins
  6 jackals
  5 quokkas
  4 bats
  2 frilled lizards (D:2)
  28 kobolds
  A rat (D:2)
  2 butterflies (D:7)
  A lurking horror (Abyss:2)
  2 starspawn tentacles (Abyss:2)
392 creatures vanquished.

Vanquished Creatures (others)
  A gargoyle (D:13)
  An orc priest (D:10)
  21 plants (D:4)
  2 starspawn tentacles (Abyss:2)
  7 withered plants
32 creatures vanquished.

Grand Total: 424 creatures vanquished

Notes
Turn   | Place    | Note
-------+----------+-------------------------------------------
     0 | D:1      | wakim the Troll Monk began the quest for the Orb.
     0 | D:1      | Reached XP level 1. HP: 22/22 MP: 0/0
    29 | D:1      | Reached XP level 2. HP: 29/29 MP: 1/1
   157 | D:1      | Reached XP level 3. HP: 29/36 MP: 2/2
   214 | D:1      | Found a faded altar of an unknown god.
   291 | D:1      | Reached skill level 1 in Armour
   578 | D:2      | Reached skill level 4 in Unarmed Combat
   597 | D:2      | Reached XP level 4. HP: 36/44 MP: 3/3
  1174 | D:2      | Reached XP level 5. HP: 51/53 MP: 4/4
  1536 | D:3      | Found a snail-covered altar of Cheibriados.
  1604 | D:3      | Noticed Natasha
  1607 | D:3      | Killed Natasha
  1658 | D:3      | Noticed Natasha
  1671 | D:3      | Killed Natasha
  1672 | D:3      | Reached skill level 5 in Unarmed Combat
  1850 | D:3      | Noticed Natasha
  1870 | D:3      | Killed Natasha
  1996 | D:4      | Reached XP level 6. HP: 57/61 MP: 5/5
  2134 | D:4      | Found a burning altar of Makhleb.
  2437 | D:4      | Found an ancient bone altar of Kikubaaqudgha.
  2440 | D:4      | Reached skill level 6 in Unarmed Combat
  2442 | D:4      | Reached XP level 7. HP: 56/70 MP: 6/6
  2471 | D:4      | Found a blossoming altar of Fedhas.
  2803 | D:4      | Found a stormy altar of Qazlal.
  2808 | D:4      | Became a worshipper of Qazlal Stormbringer
  2808 | D:4      | Reached * piety under Qazlal
  2808 | D:4      | Reached ** piety under Qazlal
  3027 | D:5      | Entered Level 5 of the Dungeon
  3087 | D:5      | Found a sand-covered staircase.
  3141 | Ossuary  | Entered an ossuary
  3161 | Ossuary  | Reached skill level 7 in Unarmed Combat
  3190 | Ossuary  | Reached XP level 8. HP: 79/79 MP: 7/7
  3337 | Ossuary  | Reached skill level 5 in Fighting
  3337 | Ossuary  | Reached skill level 8 in Unarmed Combat
  3515 | Ossuary  | Identified a scroll of acquirement
  3515 | Ossuary  | Acquired 1032 gold pieces
  3548 | D:5      | Found the +3 sling "Punk" {acid, rCorr}
  3632 | D:5      | Reached *** piety under Qazlal
  3923 | D:5      | Found a white marble altar of Elyvilon.
  4036 | D:6      | Found a broken altar of Ashenzari.
  4048 | D:6      | Reached skill level 1 in Invocations
  4075 | D:6      | Found a sacrificial altar of Ru.
  4124 | D:6      | Noticed Edmund
  4134 | D:6      | Killed Edmund
  4135 | D:6      | Reached XP level 9. HP: 74/88 MP: 8/8
  4319 | D:6      | Found a runed translucent gate.
  4320 | D:6      | Found a runed translucent gate.
  4320 | D:6      | Noticed PanSaczeczos's ghost (amateur DEAE)
  4321 | D:6      | Found a runed translucent gate.
  4348 | D:6      | Reached skill level 1 in Throwing
  4505 | D:6      | Reached skill level 9 in Unarmed Combat
  4524 | D:6      | Reached skill level 5 in Armour
  4599 | D:6      | Found a glowing silver altar of Zin.
  5206 | D:6      | Killed PanSaczeczos's ghost
  5706 | D:7      | Reached **** piety under Qazlal
  5772 | D:7      | Found a staircase to the Ecumenical Temple.
  5780 | Temple   | Entered the Ecumenical Temple
  6518 | D:7      | Reached XP level 10. HP: 98/98 MP: 11/11
  6536 | D:7      | Reached skill level 10 in Unarmed Combat
  6661 | D:7      | Found a bloodstained altar of Trog.
  7224 | D:8      | Found a hide-covered altar of Uskayaw.
  7855 | D:9      | Reached ***** piety under Qazlal
  7967 | D:9      | Found a hazy altar of Hepliaklqana.
  8247 | D:9      | Noticed a two-headed ogre
  8264 | D:9      | Killed a two-headed ogre
  8269 | D:9      | Reached XP level 11. HP: 97/107 MP: 13/13
  8763 | D:9      | Found a shadowy altar of Dithmenos.
  8828 | D:10     | Entered Level 10 of the Dungeon
  8832 | D:10     | Noticed Josephine
  8854 | D:9      | Reached skill level 11 in Unarmed Combat
  8987 | D:10     | Killed Josephine
  9073 | D:10     | Noticed Nergalle
  9082 | D:10     | Killed Nergalle
  9118 | D:10     | Noticed Erica
  9132 | D:10     | Killed Erica
  9279 | D:10     | Noticed Joseph
  9287 | D:10     | Reached skill level 5 in Invocations
  9303 | D:10     | Killed Joseph
  9318 | D:10     | Found a staircase to the Orcish Mines.
  9625 | D:10     | Reached skill level 5 in Throwing
  9756 | D:11     | Noticed Snorg
  9788 | D:11     | Killed Snorg
  9824 | D:11     | Found a staircase to the Lair.
 10416 | D:11     | Noticed a cyan ugly thing
 10432 | D:11     | Killed a cyan ugly thing
 10599 | D:11     | You fall into a shaft and drop 2 floors!
 10608 | D:13     | Noticed a two-headed ogre
 10610 | D:13     | Reached XP level 12. HP: 118/118 MP: 15/15
 10615 | D:13     | Killed a two-headed ogre
 10625 | D:13     | Noticed a centaur warrior
 10631 | D:13     | Killed a centaur warrior
 10632 | D:13     | Reached skill level 12 in Unarmed Combat
 10676 | D:13     | Noticed a centaur warrior
 10679 | D:13     | Noticed a two-headed ogre
 10687 | D:13     | Noticed a boulder beetle
 10689 | D:13     | Killed a two-headed ogre
 10701 | D:13     | Killed a centaur warrior
 10854 | D:13     | Noticed an ogre mage
 10866 | D:13     | Killed an ogre mage
 10990 | D:13     | Found a flagged portal.
 10996 | Bailey   | Entered a bailey
 11302 | D:13     | Noticed Erolcha
 11333 | D:13     | Cast into level 2 of the Abyss (Erolcha)
 11429 | Abyss:2  | Noticed a bone dragon
 11429 | Abyss:2  | Noticed a hell hog
 11430 | Abyss:2  | Noticed a hell hog
 11435 | Abyss:2  | Noticed a hell hog
 11449 | Abyss:2  | Noticed a starcursed mass
 11449 | Abyss:2  | Noticed a starcursed mass
 11517 | Abyss:2  | Reached ****** piety under Qazlal
 11550 | Abyss:2  | Noticed a rakshasa
 11620 | Abyss:2  | Killed a rakshasa
 11621 | Abyss:2  | Reached XP level 13. HP: 60/101 MP: 17/17
 11765 | Abyss:2  | Noticed a starcursed mass
 11779 | Abyss:2  | Noticed a starcursed mass
 11785 | Abyss:2  | Noticed a tentacled starspawn
 11798 | Abyss:2  | Killed a tentacled starspawn
 11799 | Abyss:2  | Paralysed by accursed screaming for 2 turns
 11801 | Abyss:2  | Slain by a starcursed mass

Illustrated notes

Levels and vault maps discovered:
D:1:      eino_arrival_cavern_d, layout_basic, ebering_ecumenical_altar_mist
D:2:      layout_loops_ring
D:3:      layout_rooms, lemuel_coloured_pillars_altar,
          chequers_serial_rivers_small_a, minmay_checkerbox, uniq_natasha
D:4:      layout_loops_ring, grunt_temple_overflow_growth_and_decay,
          overflow_temple_1_default, kennysheep_little_box, grunt_ministairs_15,
          wad_woods_river_04
D:5:      layout_rooms, nicolae_elyvilon_temple_path, enter_ossuary_3
D:6:      layout_layer_cave, nicolae_ashenzari_skybound, lemuel_round_altar,
          zin_academy, gammafunk_ghost_nasty_kobolds, uniq_edmund
D:7:      layout_loops_corners, kennysheep_mini,
          minmay_temple_entry_butterflies, chequers_serial_rivers_micro_b,
          grunt_livestock
D:8:      layout_basic, nicolae_uskayaw_murder_on_the_dancefloor, minivault_11,
          kennysheep_nub, hangedman_abyss_or_decor_passed,
          kennysheep_generic_room_5
D:9:      layout_basic, nicolae_hepliaklqana_hazy_memory,
          general_overflow_altar, kennysheep_boxes
D:10:     layout_roguey, erik_orc_1, amethyst_killhole, uniq_joseph,
          uniq_josephine, uniq_erica, uniq_nergalle
D:11:     layout_basic, erik_lair_island, serial_shops,
          nicolae_shop_behind_doors, uniq_snorg
D:13:     minmay_the_grid_4x2 [minmay_the_grid_diamond_grid,
          minmay_the_grid_large_cup, minmay_the_grid_outer_circle,
          minmay_the_grid_spin_star, minmay_the_grid_aliased_spiral,
          minmay_the_grid_all_tris, minmay_the_grid_square_x,
          minmay_the_grid_prize_four_corners], layout_stronghold,
          david_vaults_1, enter_bailey_3, minmay_misc_feat_ornament,
          uniq_erolcha
Temple:   kb_temple_of_zot
Abyss:2:  base:
D:5

Skill      XL: |  1  2  3  4  5  6  7  8  9 10 11 12 |
---------------+-------------------------------------+-----
Armour         | 1 2 3 4 6 7 8 9 |  9.7
Unarmed Combat | 4 5 6 7 8 9 10 11 12 | 12.9
Fighting       | 3 4 5 6 7 8 |  8.1
Invocations    | 1 3 4 5 7 |  7.8
Throwing       | 2 4 5 6 |  6.4
Dodging        | 4 |  4.4
Stealth        | |  1.0

Action                   |  1- 3 |  4- 6 |  7- 9 | 10-12 | 13-15 || total
-------------------------+-------+-------+-------+-------+-------++-------
Melee: Unarmed           |    71 |   143 |   345 |   619 |    63 ||  1241
       Punch             |     2 |     1 |    11 |    38 |     6 ||    58
Throw: Dart              |       |       |     2 |    25 |       ||    27
       Boomerang         |       |       |       |    40 |       ||    40
Invok: Upheaval          |       |       |     1 |     1 |       ||     2
  Use: Scroll            |     1 |     5 |    13 |     5 |       ||    24
       Potion            |       |       |     1 |     2 |       ||     3
 Stab: Sleeping          |       |     3 |       |       |       ||     3
Armor: Robe              |    15 |    30 |    58 |     5 |       ||   108
       Acid dragon scale |       |       |       |   102 |    12 ||   114
Dodge: Dodged            |    31 |    68 |   179 |   383 |    47 ||   708
       Repelled          |       |       |       |    16 |     3 ||    19
Block: Other             |       |       |    43 |   195 |    25 ||   263

Table legend: (Time is in decaauts)
 A = Elapsed time spent in this place.
 B = Non-inter-level travel time spent in this place.
 C = Inter-level travel time spent in this place.
 D = Time resting spent in this place.
 E = Time spent auto-exploring this place.
 F = Levels seen in this place.
 G = Mean time per level.
                   A        B        C        D        E       F      G
               +--------+--------+--------+--------+--------+-----+--------+
         Total |  11716 |  11216 |    500 |    171 |   8032 |  16 |  732.2 |
       Dungeon |  10479 |  10000 |    479 |    122 |   7523 |  12 |  873.2 |
        Temple |    119 |     98 |     21 |      0 |     91 |   1 |  119.0 |
         Abyss |    439 |    439 |      0 |     49 |    105 |   1 |  439.0 |
       Ossuary |    408 |    408 |      0 |      0 |    212 |   1 |  408.0 |
        Bailey |    268 |    268 |      0 |      0 |    101 |   1 |  268.0 |
               +--------+--------+--------+--------+--------+-----+--------+

Top non-repeatable levels by time:
     D:6: 1308 daAuts
     D:9: 1288 daAuts
     D:7: 1271 daAuts
     D:4: 1159 daAuts
     D:8: 954 daAuts
    D:11: 844 daAuts
     D:2: 762 daAuts
    D:10: 747 daAuts
     D:3: 695 daAuts
     D:5: 587 daAuts
 Abyss:2: 439 daAuts
    D:13: 432 daAuts
     D:1: 426 daAuts
 Ossuary: 408 daAuts
  Bailey: 268 daAuts
